 Dungeon Crawl Stone Soup version 0.29.1-13-g9f3cf754e1 (webtiles) character file.

Game seed: 10012708537544848493

17494 H0rd4k the Martial Artist (level 12, -1/100 HPs)
             Began as an Octopode Artificer on Feb 8, 2023.
             Was an Initiate of Gozag.
             Slain by a blink frog (16 damage)
             ... on level 2 of the Lair of Beasts.
             The game lasted 00:22:30 (14649 turns).

H0rd4k the Martial Artist (Octopode Artificer)     Turns: 14649, Time: 00:22:32

Health: -1/100     AC:  8    Str: 12    XL:     12   Next: 48%
Magic:  25/25      EV: 14    Int: 18    God:    Gozag
Gold:   1563       SH:  0    Dex: 12    Spells: 20/30 levels left

rFire   x . .      SeeInvis .     - Unarmed
rCold   + + +      Faith    .   (shield currently unavailable)
rNeg    + . .      Spirit   .   (helmet currently unavailable)
rPois   +          Reflect  .   (no amulet)
rElec   .          Harm     .   m - +4 ring of evasion
rCorr   .          Rampage  .   t - ring of protection from cold
Will    +....                   D - +4 ring of slaying
Stlth   ++........              J - ring of willpower
HPRegen 0.26/turn               L - ring of poison resistance
MPRegen 0.19/turn               G - ring of positive energy
                                (no ring)
                                (no ring)

@: ice-form (expiring), gold aura
A: freezing attack, boosted hp, almost no armour, amphibious, 8 rings, large,
(camouflage 1), (gelatinous body 1), (nimble swimmer 1), (tentacles)
a: End Transformation, Renounce Religion, Potion Petition, Call Merchant, Bribe
Branch


You were on level 2 of the Lair of Beasts.
You worshipped Gozag.
Gozag was most pleased with you.
You were a creature of crystalline ice.
You visited 3 branches of the dungeon, and saw 12 of its levels.
You also visited: Bailey.

You collected 2324 gold pieces.
You spent 590 gold pieces at shops.
You paid 171 gold pieces to Gozag.

Inventory:

Hand Weapons
 x - the +9 mace of Ewuraura {speed, rElec rC- MP+9 Dex-3}
   (You found it on level 5 of the Dungeon)

   Attacks with this weapon are significantly faster.
   Dex:       It affects your dexterity (-3).
   rC:        It makes you vulnerable to cold.
   rElec:     It insulates you from electricity.
   MP:        It affects your magic capacity (+9).
 K - the +11 quarterstaff of the Cup {flame, Fly rElec rCorr Int-5}
   (You bought it in a shop on level 3 of the Dungeon)

   It burns those it strikes, dealing additional fire damage.
   Int:       It affects your intelligence (-5).
   rElec:     It insulates you from electricity.
   Fly:       It grants you flight.
   rCorr:     It protects you from acid and corrosion.
Missiles
 C - 27 poisoned darts
Armour
 f - a +2 hat (melded)
Jewellery
 m - a +4 ring of evasion (left front paw)
 t - a ring of protection from cold (right front paw)
 D - a +4 ring of slaying (on tentacle)
 G - a ring of positive energy (on tentacle)
 J - a ring of willpower (on tentacle)
 L - a ring of poison resistance (on tentacle)
Wands
 M - a wand of flame (6) (quivered)
 O - a wand of paralysis (8)
Scrolls
 a - 5 scrolls of teleportation
 b - 3 scrolls of enchant armour
 d - a scroll of amnesia
 e - 3 scrolls of poison
 i - 2 scrolls of vulnerability {unknown}
 k - 3 scrolls of immolation {unknown}
 s - 2 scrolls of noise {unknown}
 u - a scroll of identify
 y - a scroll of fog {unknown}
Potions
 h - 3 potions of heal wounds
 j - 2 potions of flight
 l - a potion of brilliance {unknown}
 n - 5 potions of haste {unknown}
 o - 3 potions of curing
 p - a potion of cancellation {unknown}
 q - 5 potions of lignification
 r - 3 potions of might
 w - 2 potions of mutation
 A - 2 potions of invisibility {unknown}
 B - a potion of magic {unknown}
 E - 2 potions of attraction {unknown}
 F - 2 potions of resistance
 H - 2 potions of ambrosia {unknown}
Miscellaneous
 c - a phial of floods (inert)
 g - a condenser vane
 I - a phantom mirror


   Skills:
 + Level 8.9 Fighting
 + Level 4.2 Throwing
 - Level 2.3 Dodging
 - Level 1.3 Stealth
 - Level 11.1 Unarmed Combat
 * Level 9.9 Spellcasting
 + Level 1.3 Hexes
 * Level 7.1 Transmutations
 + Level 3.6 Ice Magic
 + Level 2.6 Poison Magic
 - Level 3.2 Evocations


You had 20 spell levels left.
You knew the following spells:

 Your Spells              Type           Power      Damage    Failure   Level
a - Confusing Touch       Hex            13%        N/A       14%         3
b - Ice Form              Ice/Tmut       28%        N/A       9%          4
c - Spider Form           Tmut/Pois      26%        N/A       3%          3

Your spell library contained the following spells:

 Spells                   Type           Power      Damage    Failure   Level
 Ensorcelled Hibernation  Hex/Ice        36%        N/A       4%          2
 Portal Projectile        Hex/Tloc       22%        N/A       19%         3
 Call Canine Familiar     Summ           8%         N/A       24%         3
 Anguish                  Hex/Necr       5%         N/A       52%         4
 Leda's Liquefaction      Hex/Erth       5%         N/A       52%         4
 Summon Mana Viper        Hex/Summ       11%        N/A       86%         5
 Summon Forest            Summ/Tloc      4%         N/A       92%         5
 Dragon Form              Tmut           17%        N/A       98%         7
 Summon Cactus Giant      Summ           4%         N/A       100%        6


Dungeon Overview and Level Annotations

Branches:
Dungeon (9/15)             Temple (1/1) D:6            Lair (2/5) D:9
 Bailey (visited)
  Swamp: Lair:2-3    Shoals: Lair:2-3     Snake: Lair:2-3    Spider: Lair:2-3
    Orc: D:9-12

Altars:
Ashenzari
Dithmenos
Elyvilon
Fedhas
Gozag
Hepliaklqana
Kikubaaqudgha
Okawaru
Qazlal
Ru
Sif Muna
Uskayaw
Vehumet
Wu Jian
Xom
Zin

Shops:
D:3 (:(*   D:4 *

Annotations:
D:5 exclusion: yak
D:6 exclusion: upstairs
D:8 exclusion: two-headed ogre
D:9 Psyche
Lair:1 exclusion: 2 downstairs


Innate Abilities, Weirdness & Mutations

You are a creature of crystalline ice.
You have a powerful freezing melee attack.
Your maximum health is increased.
Your armour is entirely melded.
You are incapable of wielding weapons or throwing items.
You cannot wear most types of armour.
You are amphibious.
You can wear up to eight rings at the same time.
((Your skin changes colour to match your surroundings (Stealth+).))
((Your rubbery body absorbs attacks. (AC +1, EV +1)))
((You are camouflaged when in or above water. (Stealth+)))
((You have tentacles for arms and can constrict up to eight enemies at once.))


Message History

The blink frog hits you!
* * * LOW HITPOINT WARNING * * *
The blink frog hits you but does no damage.
The blink frog croaks. x2
You punch the blink frog!
The blink frog seems to slow down.
You freeze the blink frog.
The blink frog is heavily wounded.
You pummel the blink frog!!
The blink frog seems to slow down.
You freeze the blink frog.
You kill the blink frog!
Aim the phial where?
Press: ? - help, Shift-Dir - straight line, f - blink frog
Aim: a blink frog The torrent of water hits the blink frog!
The blink frog is heavily wounded.
The wave splashes down.
You hear a trumpeting!
You hear a loud, deep croak!
You hear a trumpeting!
The blink frog blinks!
You punch the blink frog! You freeze the blink frog.
The blink frog is severely wounded.
The blink frog closely misses you.
The blink frog is distracted by your dazzling golden aura.
You closely miss the blink frog.
The blink frog is severely wounded.
The blink frog completely misses you.
The blink frog blinks!
You closely miss the blink frog.
Your transformation is almost over.
The blink frog hits you but does no damage.
The blink frog hits you!
* * * LOW HITPOINT WARNING * * *
The blink frog croaks.
You feel much better.
The blink frog blinks!
The blink frog barely misses you.
You punch the blink frog!
The blink frog seems to slow down.
You freeze the blink frog.
The blink frog is severely wounded.
The blink frog hits you!
* * * LOW HITPOINT WARNING * * *
The blink frog hits you!
You die...
Your body crumbles into a pile of gold.

#.F.# #....<.... #...#
#.........# #.~F#
#.......F.. ##F##
#.........# #~#
#.........# #~#
#........P# ##§#
#......##### ~
##FF####....# ...~. #Y#..#
F.
.~~.~.~..~.♣####F..#....
.~~.~.~.~..~..#...........
...~.~.~.~~~......#.......
~~~.~.~.~.....#..#.###..#.
~..~.~.~.~~...#.#### #...
.~..~.~.~~.~.....# ...
.~...~.~~~.....P## ..
..~~.~.~........#


You could see 3 blink frogs.

Vanquished Creatures
  2 hydras
  A two-headed ogre (D:8)
  Pikel (D:6)
  2 black mambas
  6 elephants
  5 cane toads
  2 hornets
  Prince Ribbit (D:8)
  8 blink frogs (Lair:2)
  2 wyverns
  11 yaks
  Eustachio (D:5)
  Grum (D:8)
  A steam dragon (D:8)
  Menkaure (D:5)
  Duvessa (D:5)
  5 water moccasins
  8 orc warriors (Bailey)
  2 sky beasts (D:7)
  6 black bears
  3 ogres
  10 centaurs
  10 wolves
  A lemure (D:6)
  Blork the orc (D:6)
  2 kobold brigands (D:8)
  9 bullfrogs
  A gnoll sergeant (D:8)
  A scorpion (D:7)
  5 wights (D:7)
  Dowan (D:5)
  9 killer bees
  An electric eel (Lair:1)
  4 howler monkeys
  6 orc priests
  5 hounds
  2 jellies
  An iguana (D:5)
  3 orc wizards
  Terence (D:2)
  8 gnolls
  4 adders
  A shadow imp (D:6)
  3 white imps
  2 ufetubi (D:6)
  A worm (D:2)
  A dart slug (D:4)
  42 orcs
  8 ball pythons
  6 bats
  An endoplasm (D:2)
  3 giant cockroaches
  10 goblins
  3 hobgoblins
  2 quokkas
  A frilled lizard (D:3)
  16 kobolds
  2 rats
257 creatures vanquished.

Vanquished Creatures (collateral kills)
  A centaur (Bailey)
  A hound (D:5)
  2 orcs
  An endoplasm (D:4)
5 creatures vanquished.

Vanquished Creatures (others)
  2 centaurs (Bailey)
  An orc wizard (D:3)
  A gnoll (D:5)
  2 orcs (Bailey)
  4 fungi
  11 plants
21 creatures vanquished.

Grand Total: 283 creatures vanquished

Notes
Turn   | Place    | Note
-------+----------+-------------------------------------------
     0 | D:1      | H0rd4k the Octopode Artificer began the quest for the Orb.
     0 | D:1      | Reached XP level 1. HP: 13/13 MP: 1/1
   565 | D:1      | Reached XP level 2. HP: 18/18 MP: 3/3
   765 | D:1      | Reached skill level 1 in Spellcasting
  1045 | D:2      | Noticed Terence
  1049 | D:2      | Killed Terence
  1050 | D:2      | Reached XP level 3. HP: 24/24 MP: 3/5
  1148 | D:2      | Found a faded altar of an unknown god.
  1160 | D:2      | Reached skill level 1 in Unarmed Combat
  1616 | D:3      | Reached XP level 4. HP: 27/30 MP: 6/6
  1674 | D:3      | Found Ecsykierph's Book Shoppe.
  1836 | D:3      | Found Iqogisen's Antique Weapon Emporium.
  1869 | D:3      | Found Nificru's General Store.
  2056 | D:3      | Found Kufec's Weapon Boutique.
  2324 | D:4      | Found Cesocioq's Lightly-Used Armoury.
  2369 | D:4      | Found a glowing silver altar of Zin.
  2463 | D:4      | Reached skill level 2 in Unarmed Combat
  2463 | D:4      | Reached XP level 5. HP: 28/36 MP: 8/8
  3109 | D:5      | Entered Level 5 of the Dungeon
  3173 | D:5      | Noticed an ogre
  3176 | D:5      | Reached skill level 3 in Unarmed Combat
  3176 | D:5      | Reached XP level 6. HP: 37/42 MP: 8/10
  3258 | D:5      | Noticed Duvessa
  3258 | D:5      | Noticed Dowan
  3268 | D:5      | Killed Dowan
  3279 | D:5      | Reached skill level 4 in Unarmed Combat
  3306 | D:5      | Killed Duvessa
  3307 | D:5      | Reached XP level 7. HP: 47/47 MP: 11/11
  3337 | D:5      | Identified the +9 mace of Ewuraura {speed, rElec rC- MP+9
                  | Dex-3}
  3418 | D:5      | Noticed Menkaure
  3421 | D:5      | Killed Menkaure
  3422 | D:5      | Reached skill level 5 in Unarmed Combat
  3479 | D:5      | Noticed a yak
  3530 | D:5      | Noticed Eustachio
  3533 | D:5      | Killed Eustachio
  3595 | D:5      | Reached XP level 8. HP: 29/54 MP: 13/13
  3748 | D:5      | Reached skill level 6 in Unarmed Combat
  4238 | D:6      | Noticed Blork the orc
  4245 | D:6      | Killed Blork the orc
  4346 | D:6      | Noticed Pikel
  4448 | D:6      | Found a staircase to the Ecumenical Temple.
  4894 | D:7      | Reached skill level 7 in Unarmed Combat
  4910 | Temple   | Entered the Ecumenical Temple
  4915 | Temple   | Became a worshipper of Gozag Ym Sagoz the Greedy
  5020 | D:7      | Noticed a four-headed hydra
  5061 | D:7      | Killed a four-headed hydra
  5062 | D:7      | Reached skill level 5 in Fighting
  5062 | D:7      | Reached skill level 8 in Unarmed Combat
  5062 | D:7      | Reached XP level 9. HP: 41/61 MP: 14/16
  5067 | D:7      | Found a flagged portal.
  5081 | Bailey   | Entered a bailey
  5119 | Bailey   | HP: 3/61 [centaur/+0 halberd (12)]
  5121 | Bailey   | Reached skill level 5 in Spellcasting
  5342 | Bailey   | Reached skill level 9 in Unarmed Combat
  6632 | Bailey   | Reached skill level 10 in Unarmed Combat
  7078 | Bailey   | Reached XP level 10. HP: 45/68 MP: 18/18
  8035 | D:7      | Reached skill level 11 in Unarmed Combat
  8167 | D:7      | Reached skill level 1 in Throwing
  8310 | D:3      | Bought a transparent quarterstaff for 216 gold pieces
  8310 | D:3      | Identified the +11 quarterstaff of the Cup {flame, Fly
                  | rElec rCorr Int-5} (You bought it in a shop on level 3 of
                  | the Dungeon)
  8345 | D:3      | Bought Kinatsi's Tome of Reformed Hexes for 374 gold pieces
  8349 | D:3      | Learned a level 3 spell: Confusing Touch
  8354 | D:3      | Learned a level 4 spell: Ice Form
  8571 | D:5      | Identified the +1 cloak of Hacvo {Str+3 Dex+3}
  8853 | D:6      | Killed Pikel
  8854 | D:6      | Reached skill level 1 in Hexes
  8854 | D:6      | Reached skill level 1 in Transmutations
  9058 | D:8      | Learned a level 3 spell: Spider Form
  9673 | D:8      | Noticed Grum
  9689 | D:8      | Noticed Prince Ribbit
  9696 | D:8      | Killed Grum
  9721 | D:8      | Killed Prince Ribbit
 10143 | D:8      | Noticed a two-headed ogre
 10324 | D:8      | Noticed a two-headed ogre
 10348 | D:8      | Killed a two-headed ogre
 10349 | D:8      | Reached skill level 1 in Ice Magic
 10349 | D:8      | Reached XP level 11. HP: 75/75 MP: 18/21
 11779 | D:9      | Found a staircase to the Lair.
 11806 | D:9      | Noticed Psyche
 11823 | Lair:1   | Entered Level 1 of the Lair of Beasts
 11894 | Lair:1   | Reached skill level 1 in Poison Magic
 12458 | Lair:1   | Reached skill level 5 in Transmutations
 12460 | Lair:1   | Noticed a seven-headed hydra
 12472 | Lair:1   | Killed a seven-headed hydra
 13711 | Lair:1   | Reached XP level 12. HP: 84/84 MP: 19/24
 14649 | Lair:2   | Slain by a blink frog

Illustrated notes

Levels and vault maps discovered:
D:1:      dpeg_arrival_rooms_a, layout_basic, serial_glass, glass_columns_c,
          glass_columns_b, item_on_display_a, minmay_tetromino_s2
D:2:      layout_loops_cross, nicolae_ecumenical_lake_church, uniq_terence
D:3:      layout_rooms, serial_shops, shop, shop_fountains,
          nicolae_shop_bloodbath_and_beyond, shop
D:4:      layout_loops_ring, zin_academy, minmay_shop_damaged,
          hangedman_decor_push
D:5:      layout_gridville, uniq_duvessa, uniq_eustachio, uniq_menkaure
D:6:      layout_loops_corners, minmay_temple_entry_from_below_b, uniq_pikel,
          uniq_blork_the_orc
D:7:      layout_loops_ring, enter_bailey_3, kennysheep_opposing_triangles
D:8:      layout_gridville, cheibrodos_worm_habitat,
          eino_small_chamber_without_monster, uniq_grum, uniq_prince_ribbit1
D:9:      layout_basic, david_lair_generic, serial_shops,
          nicolae_take_the_stairs, uniq_psyche
Temple:   minmay_freezing_vapour_temple
Lair:1:   layout_hall_layers, serial_bayou_pond_b, beast_lair_carwin_7
Lair:2:   layout_cave_pods, nicolae_swamp_entry_splash_gauntlet,
          nicolae_quartered_pool_little, minivault_24, uniq_sonja

Skill      XL: |  1  2  3  4  5  6  7  8  9 10 11 12 |
---------------+-------------------------------------+-----
Spellcasting   | 1 2 3 4 5 7 8 9 |  9.9
Fighting       | 2 3 4 5 6 7 8 |  8.9
Unarmed Combat | 1 2 3 4 5 8 10 11 | 11.1
Throwing       | 3 4 |  4.2
Hexes          | 1 |  1.3
Transmutations | 3 6 7 |  7.1
Ice Magic      | 1 2 3 |  3.6
Poison Magic   | 2 |  2.6
Dodging        | |  2.3
Stealth        | |  1.3
Evocations     | |  3.2

Action                   |  1- 3 |  4- 6 |  7- 9 | 10-12 || total
-------------------------+-------+-------+-------+-------++-------
Melee: Unarmed           |    63 |    67 |   159 |   379 ||   668
       Constrict         |    19 |    23 |    37 |    37 ||   116
       Tentacles         |    19 |    20 |    48 |    40 ||   127
       Punch             |     1 |     2 |    11 |    14 ||    28
Throw: Dart              |       |       |     5 |    15 ||    20
 Cast: Spider Form       |       |       |       |     6 ||     6
       Ice Form          |       |       |       |    17 ||    17
Evoke: Wand              |     2 |    12 |    50 |     5 ||    69
       Phial of floods   |       |       |       |     2 ||     2
       Phantom mirror    |       |       |       |     1 ||     1
  Use: Potion            |       |       |     1 |     3 ||     4
       Scroll            |       |       |       |    11 ||    11
 Stab: Sleeping          |     4 |     2 |     3 |     3 ||    12
       Distracted        |       |       |     2 |     2 ||     4
Armor: Skin              |    19 |     5 |    18 |    58 ||   100
Dodge: Dodged            |    46 |    43 |   175 |   243 ||   507
